 Dungeon Crawl Stone Soup version 0.28.0-43-g3370ac3207 (webtiles) character file.

Game seed: 846900558264605129

123 croobank the Skirmisher (level 5, -1/47 HPs)
             Began as a Hill Orc Fighter on Mar 30, 2022.
             Slain by Grinder (3 damage)
             ... on level 3 of the Dungeon.
             The game lasted 00:09:34 (2102 turns).

croobank the Skirmisher (Hill Orc Fighter)          Turns: 2102, Time: 00:09:34

Health: -1/47      AC:  8    Str: 21    XL:     5   Next: 7%
Magic:  5/5        EV:  8    Int:  8    God:
Gold:   122        SH: 10    Dex: 10    Spells: 4/4 levels left

rFire   + . .      SeeInvis .   a - +0 war axe
rCold   + . .      Faith    .   e - +2 kite shield {reflect}
rNeg    . . .      Spirit   .   j - +0 scale mail
rPois   +          Reflect  +   (no helmet)
rElec   +          Harm     .   m - +0 cloak
rCorr   +          Rampage  .   (no gloves)
Will    .....                   (no boots)
Stlth   ..........              (no amulet)
HPRegen 0.15/turn               q - ring of resist corrosion
MPRegen 0.09/turn               (no ring)

@: resistant
A: no striking features
a: no special abilities


You were on level 3 of the Dungeon.
You visited 1 branch of the dungeon, and saw 3 of its levels.

You collected 122 gold pieces.

Inventory:

Hand Weapons
 a - a +0 war axe (weapon)
 b - a +0 hunting sling
 d - a +2 quarterstaff of chaos
Missiles
 f - 152 stones
 g - 16 arrows
 k - 5 poisoned darts (quivered)
 p - 18 sling bullets
Armour
 e - a +2 kite shield of reflection (worn)
 j - a +0 scale mail (worn)
 m - a +0 cloak (worn)
Jewellery
 q - a ring of resist corrosion (left hand)
Wands
 r - a wand of polymorph (2)
Scrolls
 c - a scroll of holy word


   Skills:
 + Level 4.5 Fighting
 + Level 4.1 Axes
 + Level 4.1 Armour
 + Level 4.2 Shields


You had 4 spell levels left.
You didn't know any spells.
Your spell library contained the following spells:

 Spells                   Type           Power      Damage    Failure   Level
 Animate Skeleton         Necr           0%         N/A       98%         1
 Pain                     Necr           0%         1d4       98%         1
 Vampiric Draining        Necr           0%         2d6       100%        3


Dungeon Overview and Level Annotations

Branches:
Dungeon (3/15)

Altars:

Annotations:
D:3 Grinder


Message History

It was a potion of curing.
You feel better.
It was a potion of resistance.
You feel protected.
You closely miss Grinder.
Grinder is lightly wounded.
You block Grinder's attack. Grinder hits you.
* * * LOW HITPOINT WARNING * * *
You slash Grinder!
Grinder is moderately wounded.
Grinder blinks!
A dart slug comes into view.
Grinder hits you!
* * * LOW HITPOINT WARNING * * *
You writhe in agony.
* * * LOW HITPOINT WARNING * * *
You hit Grinder.
Grinder is moderately wounded.
Grinder blinks!
The dart slug launches a dart at you.
The slug dart hits you but does no damage.
Okay, then.
Aiming: Polymorph
Press: ? - help, Shift-Dir - straight line, f - Grinder
Aim: Grinder (moderately wounded, will become a neqoxec, a chaos spawn, or an iron imp, chance to affect: 49%)
Okay, then.
Grinder hits you but does no damage.
You barely miss Grinder.
Grinder is moderately wounded.
You hear the slow rusting of a very distant drain.
You block Grinder's attack.
You slash Grinder!
Grinder is heavily wounded.
You block Grinder's attack. x2
You closely miss Grinder.
Grinder is heavily wounded.
Grinder hits you but does no damage.
You completely miss Grinder.
Grinder is heavily wounded.
Grinder hits you.
You die...

#. #.# #.# #.#
#.# #.#
#5#####
#.@...#
#.###..#
..w...w......#
.+########'..#
#..# #..#
#.#$## #.#.#
#..# #.#.#


You could see Grinder and a dart slug.

Vanquished Creatures
  Crazy Yiuf (D:2)
  3 adders
  2 dart slugs
  8 endoplasms
  A giant cockroach (D:1)
  3 goblins
  8 hobgoblins
  2 jackals (D:2)
  5 kobolds
  2 quokkas
  6 ball pythons
  10 bats
  3 frilled lizards
  6 rats
60 creatures vanquished.

Notes
Turn   | Place    | Note
-------+----------+-------------------------------------------
     0 | D:1      | croobank the Hill Orc Fighter began the quest for the Orb.
     0 | D:1      | Reached XP level 1. HP: 19/19 MP: 1/1
    70 | D:1      | Reached XP level 2. HP: 26/27 MP: 2/2
   192 | D:1      | Found a faded altar of an unknown god.
   287 | D:1      | Reached XP level 3. HP: 31/33 MP: 3/3
   996 | D:2      | Found a runed translucent door.
   998 | D:2      | Noticed Crazy Yiuf
  1003 | D:2      | Killed Crazy Yiuf
  1004 | D:2      | Reached XP level 4. HP: 23/40 MP: 4/4
  1913 | D:3      | Identified a scroll of acquirement
  1913 | D:3      | Acquired a +2 kite shield of reflection
  1976 | D:3      | Reached XP level 5. HP: 45/47 MP: 5/5
  2066 | D:3      | Noticed Grinder
  2068 | D:3      | Paralysed by Grinder for 7 turns
  2076 | D:3      | Paralysed by Grinder for 4 turns
  2096 | D:3      | HP: 1/47 [Grinder (3)]
  2102 | D:3      | Slain by Grinder

Illustrated notes

Levels and vault maps discovered:
D:1:      roderic_chinese_lattice_arrival, layout_rooms,
          shapermc_ecumenical_altar_mp_vishouse, minmay_hexomino_u4
D:2:      layout_basic, uniq_crazy_yiuf_cottage
D:3:      layout_rooms, serial_shops, shop, portal_sewer_entry_d, serial_forest,
          infiniplex_forest_straight_5, infiniplex_forest_join,
          infiniplex_forest_clump_small, infiniplex_forest_fountain,
          infiniplex_forest_straight_1, infiniplex_forest_straight_4,
          infiniplex_forest_lined_room_3, infiniplex_forest_straight_3,
          infiniplex_forest_join, minivault_11, uniq_grinder

Skill      XL: |  1  2  3  4 |
---------------+-------------+-----
Axes           | 3 4 |  4.1
Fighting       | 4 |  4.5
Shields        | 4 |  4.2
Armour         | 4 |  4.1

Action                   |  1- 3 |  4- 6 || total
-------------------------+-------+-------++-------
Melee: War axe           |    97 |    81 ||   178
  Use: Potion            |     1 |     2 ||     3
       Scroll            |       |     5 ||     5
Armor: Scale mail        |    43 |    38 ||    81
Dodge: Dodged            |    46 |    34 ||    80
Block: Buckler           |    17 |    12 ||    29
       Kite shield       |       |    22 ||    22
